 Dungeon Crawl Stone Soup version 0.27-a0-920-gb2bd10914a (webtiles) character file.

Game seed: 9216346962643221063

81 lauthentik the Grave Robber (level 4, -1/30 HPs)
             Began as a Vampire Necromancer on Apr 9, 2021.
             Slain by a kobold brigand
             ... wielding a +0 whip
              (10 damage)
             ... in a sewer.
             The game lasted 00:07:29 (1741 turns).

lauthentik the Grave Robber (Vampire Necromancer)   Turns: 1741, Time: 00:07:29

Health: -1/30      AC:  3    Str:  7    XL:     4   Next: 20%
Magic:  4/8        EV: 12    Int: 18    God:
Gold:   82         SH:  0    Dex: 14    Spells: 4/9 levels left

rFire    . . .     SeeInvis +   e - +0 short sword
rCold    . . .     Faith    .   (no shield)
rNeg     . . .     Spirit   .   f - +0 robe
rPois    .         Reflect  .   (no helmet)
rElec    .         Harm     .   (no cloak)
rCorr    .         Rampage  .   d - +0 pair of gloves
Will     .....                  (no boots)
Stlth    ++........             i - amulet of magic regeneration
HPRegen  0.30/turn              (no ring)
MPRegen  0.36/turn              (no ring)

@: lethally poisoned (-1 -> -6), very slightly contaminated, regenerating
quickly, slowed, very slow
A: alive, fangs 3, see invisible, unbreathing 1, vampiric 2
a: Exsanguinate


You were in a sewer.
You visited 1 branch of the dungeon, and saw 3 of its levels.
You also visited: Sewer.

You collected 82 gold pieces.

Inventory:

Hand Weapons
 e - a +0 short sword (weapon)
Missiles
 k - 6 poisoned darts
Armour
 a - a +0 robe
 d - a +0 pair of gloves (worn)
 f - a +0 robe (worn)
Magical Staves
 g - a staff of fire
Jewellery
 i - an amulet of magic regeneration (around neck)
Scrolls
 b - a scroll of enchant weapon {unknown}
 l - a scroll of noise {unknown}
Potions
 c - a potion of lignification {unknown}
 h - a potion of berserk rage {unknown}
 j - 2 potions of flight {unknown}


   Skills:
 + Level 0.1 Staves
 + Level 2.2 Dodging
 + Level 3.0 Stealth
 + Level 3.2 Spellcasting
 + Level 5.4 Necromancy


You had 4 spell levels left.
You knew the following spells:

 Your Spells              Type           Power      Damage    Failure   Level
a - Pain                  Necr           88%        1d8       1%          1
b - Vampiric Draining     Necr           11%        2d7       5%          3
c - Animate Skeleton      Necr           44%        N/A       1%          1

Your spell library contained the following spells:

 Spells                   Type           Power      Damage    Failure   Level
 Animate Dead             Necr           11%        N/A       17%         4
 Agony                    Necr           22%        N/A       43%         5


Dungeon Overview and Level Annotations

Branches:
Dungeon (3/15)              Sewer (1/1)

Altars:
Elyvilon


Innate Abilities, Weirdness & Mutations

Your natural rate of healing is unusually fast.
You have razor-sharp teeth.
You have supernaturally acute eyesight. (SInv)
You can survive without breathing.
You are afflicted with vampirism and can become a bat while bloodless.


Message History

You kill the kobold!
Casting: Pain (safe; 1% risk of failure)
Confirm with . or Enter, or press ? or * to list all spells.
Aiming: Pain (safe; 1% risk of failure)
Press: ? - help, Shift-Dir - straight line, f - kobold brigand
Aim: a kobold brigand, wielding a +0 whip and quivering curare-tipped darts (chance to affect: 81%)
The kobold brigand barely resists.
The kobold brigand throws a curare-tipped dart.
The curare-tipped dart hits you.
You are poisoned.
You feel yourself slow down.
Casting: Pain (safe; 1% risk of failure)
Confirm with . or Enter, or press ? or * to list all spells.
Aiming: Pain (safe; 1% risk of failure)
Press: ? - help, Shift-Dir - straight line, f/p - kobold brigand
Aim: a kobold brigand, wielding a +0 whip and quivering curare-tipped darts (chance to affect: 81%)
The kobold writhes in agony.
You kill the kobold!
You feel very sick.
The kobold brigand completely misses you.
Casting: Pain (safe; 1% risk of failure)
Confirm with . or Enter, or press ? or * to list all spells.
Aiming: Pain (safe; 1% risk of failure)
Press: ? - help, Shift-Dir - straight line, f/p - kobold brigand
Aim: a kobold brigand, wielding a +0 whip and quivering curare-tipped darts (chance to affect: 81%)
The kobold brigand writhes in agony.
You feel very sick.
The kobold brigand hits you with a +0 whip.
Casting: Pain (safe; 1% risk of failure)
Confirm with . or Enter, or press ? or * to list all spells.
Aiming: Pain (safe; 1% risk of failure)
Press: ? - help, Shift-Dir - straight line, f/p - kobold brigand
Aim: a kobold brigand, wielding a +0 whip and quivering curare-tipped darts (moderately wounded, ally target, chance to affect: 81%)
The kobold brigand writhes in agony!
You feel very sick.
The kobold brigand hits you with a +0 whip.
* * * LOW HITPOINT WARNING * * *
Your rat skeleton closely misses the kobold brigand.
The kobold brigand hits you with a +0 whip!
You die...

### ##### #∩. ####
##...###### ≈##
######..###.....†####
≈#?.#..#...............##
≈#.....#@................
#....KZ................
≈#.....#≈≈.≈≈.≈.≈........
≈#!.#..#≈≈≈≈≈≈≈≈.≈.≈.....
≈## ####≈≈≈≈≈≈≈≈≈≈≈.≈≈≈..
#≈≈≈≈≈≈≈≈≈≈≈≈≈≈≈.≈
≈≈≈≈≈≈≈≈≈≈≈≈≈≈≈≈≈≈
≈#≈≈≈≈≈≈≈≈≈≈≈≈≈≈≈≈≈
≈≈≈≈≈≈≈≈≈≈


You could see a kobold brigand (ally target) and a friendly rat skeleton.

Vanquished Creatures
  An adder (D:2)
  2 gnolls (D:2)
  A river rat (Sewer)
  A worm (D:2)
  A dart slug (D:3)
  6 ball pythons
  A bat (D:1)
  2 endoplasms
  3 goblins
  3 hobgoblins
  8 kobolds
  A quokka (D:1)
  2 frilled lizards (D:1)
  9 rats
41 creatures vanquished.

Vanquished Creatures (others)
  3 plants (D:2)
3 creatures vanquished.

Grand Total: 44 creatures vanquished

Notes
Turn   | Place    | Note
-------+----------+-------------------------------------------
     0 | D:1      | lauthentik the Vampire Necromancer began the quest for the
                  | Orb.
     0 | D:1      | Reached XP level 1. HP: 13/13 MP: 3/3
    11 | D:1      | Noticed a minotaur zombie
    13 | D:1      | Noticed a minotaur zombie
    21 | D:1      | Noticed a merfolk zombie
   290 | D:1      | Reached XP level 2. HP: 18/19 MP: 0/5
   727 | D:1      | Found a faded altar of an unknown god.
   734 | D:1      | Reached skill level 5 in Necromancy
  1173 | D:2      | Gained mutation: You are afflicted with vampirism and can
                  | become a bat while bloodless. [Vampire growth]
  1173 | D:2      | Reached XP level 3. HP: 21/24 MP: 2/6
  1177 | D:2      | Learned a level 3 spell: Vampiric Draining
  1554 | D:3      | Found a glowing drain.
  1579 | Sewer    | Entered a sewer
  1650 | Sewer    | Reached XP level 4. HP: 26/30 MP: 4/8
  1709 | Sewer    | Learned a level 1 spell: Animate Skeleton
  1733 | Sewer    | Noticed a kobold brigand
  1741 | Sewer    | Slain by a kobold brigand

Illustrated notes

Levels and vault maps discovered:
D:1:      shiori_arrival_whats_in_store_for_you, layout_loops_ring,
          ebering_ecumenical_altar_box, minmay_misc_feat_enclosed,
          nrook_mini_vaults
D:2:      layout_basic, basic_altar, serial_forest, infiniplex_forest_lined_2,
          infiniplex_forest_straight_3, infiniplex_forest_corner_1,
          infiniplex_forest_clump_small, infiniplex_forest_fountain,
          infiniplex_forest_clump_diagonal, infiniplex_forest_clump_cross,
          minmay_tetromino_t4
D:3:      layout_loops_ring, portal_sewer_entry_a, gammafunk_ghost_smash
Sewer:    sewer_minmay_treatment

Skill      XL: |  1  2  3 |
---------------+----------+-----
Necromancy     | 5 |  5.4
Spellcasting   | 3 |  3.2
Staves         | |  0.1
Dodging        | |  2.2
Stealth        | |  3.0

Action                   |  1- 3 |  4- 6 || total
-------------------------+-------+-------++-------
Melee: Short sword       |    12 |       ||    12
       Staff             |    18 |       ||    18
 Cast: Pain              |    66 |    11 ||    77
       Animate Skeleton  |       |     1 ||     1
Armor: Robe              |     5 |       ||     5
Dodge: Dodged            |    38 |     1 ||    39

Table legend: (Time is in decaauts)
 A = Elapsed time spent in this place.
 B = Non-inter-level travel time spent in this place.
 C = Inter-level travel time spent in this place.
 D = Time resting spent in this place.
 E = Time spent auto-exploring this place.
 F = Levels seen in this place.
 G = Mean time per level.
                   A        B        C        D        E       F      G
               +--------+--------+--------+--------+--------+-----+--------+
         Total |   1745 |   1689 |     56 |     85 |   1284 |   4 |  436.2 |
       Dungeon |   1583 |   1527 |     56 |     85 |   1169 |   3 |  527.7 |
         Sewer |    162 |    162 |      0 |      0 |    115 |   1 |  162.0 |
               +--------+--------+--------+--------+--------+-----+--------+

Top non-repeatable levels by time:
     D:1: 965 daAuts
     D:2: 591 daAuts
   Sewer: 162 daAuts
     D:3: 26 daAuts
